 Dungeon Crawl Stone Soup version 0.17-a0-477-g451446c (webtiles) character file.

309 Medar the Cudgeler (level 6, -9/44 HPs)
             Began as a Mummy Skald on Apr 7, 2015.
             Killed from afar by Crazy Yiuf (16 damage)
             ... with a wand of flame
             ... on level 3 of the Dungeon.
             The game lasted 00:16:49 (6198 turns).

Medar the Cudgeler (Mummy Skald)                    Turns: 6198, Time: 00:16:49

Health: -9/44      AC:  4    Str: 15    XL:     6   Next: 17%
Magic:  8/10       EV: 11    Int: 13    God:
Gold:   127        SH:  0    Dex: 11    Spells: 4 memorised, 3 levels left

rFire  x . .     SeeInvis .     a - +0 mace
rCold  + . .     Clarity  .     b - +0 leather armour
rNeg   + + +     SustAb   .     (no shield)
rPois  ∞         Gourm    .     h - +0 helmet
rElec  .         Spirit   .     (no cloak)
rCorr  .         Warding  .     (no gloves)
rMut   .         Stasis   .     (no boots)
MR     .....                    (no amulet)
Stlth  +.........               (no ring)
                                (no ring)

@: infused, not resistant to hostile enchantments, very unstealthy
A: no food or potions, fire vulnerability, cold resistance 1, negative energy
resistance 3, torment resistance, unbreathing
a: no special abilities


You were on level 3 of the Dungeon.
You were not hungry.

You visited 1 branch of the dungeon, and saw 3 of its levels.

You collected 127 gold pieces.

Inventory:

Hand weapons
 a - a +0 mace (weapon)
 f - a +0 short sword of freezing
Armour
 b - a +0 leather armour (worn)
 h - a +0 helmet (worn)
Scrolls
 d - a scroll of remove curse {@r1}
 e - a scroll of random uselessness {unknown}
 g - a scroll of noise {unknown}
 i - a scroll of immolation
 j - a scroll of amnesia {unknown}
 k - a scroll of teleportation {unknown}
Books
 c - a book of Battle

   Spells                             Type                      Level
   a - Infusion                       Charms                       1
   b - Shroud of Golubria             Charms/Translocation         2
   c - Song of Slaying                Charms                       2
   d - Spectral Weapon                Hexes/Charms                 3
   e - Regeneration                   Charms/Necromancy            3


   Skills:
 - Level 2.0 Fighting
 + Level 4.4 Maces & Flails
 - Level 0.7 Armour
 - Level 0.7 Dodging
 - Level 3.0 Spellcasting
 - Level 3.0 Charms
 - Level 1.0 Translocations


You had 3 spell levels left.
You knew the following spells:

 Your Spells              Type           Power        Failure   Level  Hunger
d - Song of Slaying       Chrm           #.......     14%         2    N/A
f - Spectral Weapon       Hex/Chrm       #.......     52%         3    N/A
s - Infusion              Chrm           #.....       10%         1    N/A
t - Shroud of Golubria    Chrm/Tloc      #.........   21%         2    N/A

Dungeon Overview and Level Annotations

Branches:
Dungeon (3/15)

Altars:
Zin

Annotations:
D:3 Crazy Yiuf, Terence


Innate Abilities, Weirdness & Mutations

You do not eat or drink.
Your flesh is vulnerable to fire.
You are immune to poison.
Your flesh is cold resistant.
You are immune to negative energy.
You are immune to unholy pain and torment.
You can survive without breathing.


Message History

You barely miss Crazy Yiuf.
Crazy Yiuf is moderately wounded.
Your shroud begins to fray at the edges.
Crazy Yiuf says, "Rot!"
Crazy Yiuf hits you with a quarterstaff of chaos!
Crazy Yiuf burns you.
You closely miss Crazy Yiuf.
Crazy Yiuf is moderately wounded.
Crazy Yiuf laughs, "Flower!"
Crazy Yiuf zaps a wand.
The puff of flame hits you! The fire burns you terribly!
You are too injured to fight recklessly!
You barely miss Crazy Yiuf.
Crazy Yiuf is moderately wounded.
Crazy Yiuf hits you with a quarterstaff of chaos!
* * * LOW HITPOINT WARNING * * *
Your shroud falls apart!
Crazy Yiuf zaps a wand.
The puff of flame hits you! The fire burns you terribly!
You die...

#.# #.# ### #.# .)#
##.# ..# ##.# ..
##.########## .#
.#.##......!# ♣♣g♣
.#.##.####### ♣@♣
.#.........# ♣♣.♣
..###.####.# ♣.♣♣
#.# #.# #)# ♣♣.♣♣
#.# #.# #.## ♣...♣♣
#.###.# #..# ♣....♣
#..##.####### #....#
...........>####..##
....######.........#


You could see Crazy Yiuf.

Vanquished Creatures
  An orc priest (D:3)
  A hound (D:2)
  Robin (D:2)
  8 gnolls
  6 adders
  3 worms (D:2)
  2 giant geckos (D:2)
  An ooze (D:1)
  2 orcs (D:3)
  9 bats
  18 goblins
  14 hobgoblins
  11 kobolds
  A quokka (D:2)
  2 ball pythons
  4 giant cockroaches
  5 giant newts
  7 rats
96 creatures vanquished.

Notes
Turn   | Place    | Note
--------------------------------------------------------------
     0 | D:1      | Medar, the Mummy Skald, began the quest for the Orb.
     0 | D:1      | Reached XP level 1. HP: 16/16 MP: 3/3
   189 | D:1      | Reached XP level 2. HP: 20/22 MP: 0/5
   208 | D:1      | Reached skill level 3 in Charms
   212 | D:1      | Learned a level 2 spell: Shroud of Golubria
   696 | D:1      | Reached skill level 1 in Translocations
  1086 | D:1      | Reached XP level 3. HP: 27/27 MP: 6/6
  1588 | D:1      | Learned a level 2 spell: Song of Slaying
  1649 | D:2      | Noticed Robin
  2767 | D:2      | Reached XP level 4. HP: 25/33 MP: 0/7
  2904 | D:2      | Found a glowing silver altar of Zin.
  3687 | D:2      | Killed Robin
  3831 | D:2      | Reached XP level 5. HP: 38/38 MP: 0/8
  4139 | D:2      | Reached skill level 4 in Maces & Flails
  4869 | D:3      | Learned a level 3 spell: Spectral Weapon
  5175 | D:3      | Reached XP level 6. HP: 27/44 MP: 2/10
  5693 | D:3      | Noticed Terence
  6188 | D:3      | Noticed Crazy Yiuf
  6198 | D:3      | Killed from afar by Crazy Yiuf

Action                   |  1- 3 |  4- 6 || total
-------------------------+-------+-------++-------
Melee: Mace              |   156 |   226 ||   382
 Cast: Infusion          |    34 |    32 ||    66
       Shroud of Golubri |     7 |    31 ||    38
       Song of Slaying   |     1 |       ||     1
  Use: Scroll            |     3 |     2 ||     5
